 Seeded DCSS version 0.28.0-49-g6dfe1f597d (webtiles) character file.

Game seed: 523019199727972820 (custom seed)

4650 thiscave3701365 the Severer (level 10, 0/126 HPs)
             Began as a Minotaur Berserker on May 12, 2022.
             Was a Priest of Trog.
             Slain by a 12-headed hydra (5 damage)
             ... on level 8 of the Dungeon.
             The game lasted 00:09:52 (12184 turns).

thiscave3701365 the Severer (Minotaur Berserker)   Turns: 12184, Time: 00:09:52

Health: 0/126      AC: 18    Str: 31    XL:     10   Next: 20%
Magic:  0/9        EV:  2    Int: 12    God:    Trog [***...]
Gold:   63         SH: 12    Dex: 11    Spells: 9/9 levels left

rFire   . . .      SeeInvis .   q - +0 broad axe
rCold   . . .      Faith    .   B - +0 tower shield
rNeg    . . .      Spirit   +   v - +0 crystal plate armour
rPois   .          Reflect  .   (helmet restricted)
rElec   .          Harm     .   (no cloak)
rCorr   .          Rampage  .   (no gloves)
Will    .....                   (no boots)
Stlth   ..........              o - amulet of guardian spirit
HPRegen 0.31/turn               b - ring "Hehuygru" {*Slow Fly Str+6 Int+8}
MPRegen 0.11/turn               (no ring)

@: berserking, flying, slowed
A: horns 2, retaliatory headbutt
a: Renounce Religion, Berserk, Trog's Hand


You were on level 8 of the Dungeon.
You worshipped Trog.
Trog was most pleased with you.
You visited 1 branch of the dungeon, and saw 9 of its levels.

You collected 423 gold pieces.
You spent 360 gold pieces at shops.

Inventory:

Hand Weapons
 a - a +0 hand axe
 q - a +0 broad axe (weapon)
Missiles
 j - 2 throwing nets
Armour
 v - a +0 crystal plate armour (worn)
 B - a +0 tower shield (worn)
Jewellery
 b - the ring "Hehuygru" (left hand) {*Slow Fly Str+6 Int+8}
   (You acquired it on level 7 of the Dungeon)

   [ring of flight]

   Str:       It affects your strength (+6).
   Int:       It affects your intelligence (+8).
   Fly:       It grants you flight.
   *Slow:     It may slow you when you take damage.
 o - an amulet of guardian spirit (around neck)
 w - an amulet of regeneration
Wands
 p - a wand of polymorph (2)
 s - a wand of paralysis (9)
 t - a wand of flame (18)
Scrolls
 c - a scroll of fog
 d - 3 scrolls of teleportation
 l - 2 scrolls of blinking
 m - a scroll of vulnerability
 x - a scroll of magic mapping {unknown}
 y - a scroll of silence {unknown}
 A - 2 scrolls of summoning
 C - a scroll of identify
Potions
 e - 3 potions of curing
 f - a potion of berserk rage
 g - a potion of resistance
 h - 2 potions of cancellation {unknown}
 k - 2 potions of invisibility
 n - 2 potions of might
 r - a potion of heal wounds
 u - a potion of lignification
 z - a potion of mutation {unknown}
Miscellaneous
 i - a lightning rod (4/4)


   Skills:
 + Level 6.4 Fighting
 + Level 15.1 Axes
 + Level 7.2 Armour
 + Level 2.4 Dodging
 + Level 0.1 Stealth
 + Level 3.9 Shields


You had 9 spell levels left.
You didn't know any spells.
Your spell library was empty.

Dungeon Overview and Level Annotations

Branches:
Dungeon (9/15)             Temple (0/1) D:4
   Lair: D:8-11         Orc: D:9-12

Altars:
Ashenzari
Nemelex Xobeh

Shops:
D:7 *

Annotations:
D:3 3 runed translucent doors, NinjaNoafa's ghost, amateur HOMo


Innate Abilities, Weirdness & Mutations

You have a pair of horns on your head.
You reflexively headbutt those who attack you in melee.


Message History

You block the ten-headed hydra's attack.
The ten-headed hydra bites you.
* * * LOW HITPOINT WARNING * * *
The ten-headed hydra bites you!
* * * LOW HITPOINT WARNING * * *
You block the ten-headed hydra's attack. x2
The ten-headed hydra bites you but does no damage.
You chop one of the ten-headed hydra's heads off!
The nine-headed hydra grows two more!
You slice the 11-headed hydra!!
The 11-headed hydra is heavily wounded.
You block the 11-headed hydra's attack.
The 11-headed hydra bites you but does no damage.
The 11-headed hydra bites you!
* * * LOW HITPOINT WARNING * * *
You feel yourself slow down.
The 11-headed hydra bites you but does no damage.
You block the 11-headed hydra's attack.
The 11-headed hydra bites you but does no damage.
The 11-headed hydra barely misses you.
The 11-headed hydra bites you but does no damage.
You block the 11-headed hydra's attack. x2
The 11-headed hydra bites you but does no damage.
You slice one of the 11-headed hydra's heads off!
The ten-headed hydra grows two more!
You slice the 12-headed hydra!!
The 12-headed hydra is severely wounded.
The 12-headed hydra bites you but does no damage.
The 12-headed hydra bites you.
* * * LOW HITPOINT WARNING * * *
The 12-headed hydra bites you.
* * * LOW HITPOINT WARNING * * *
The 12-headed hydra bites you but does no damage.
You block the 12-headed hydra's attack.
The 12-headed hydra bites you but does no damage.
The 12-headed hydra bites you.
* * * LOW HITPOINT WARNING * * *
The 12-headed hydra bites you but does no damage. x2
The 12-headed hydra bites you.
* * * LOW HITPOINT WARNING * * *
The 12-headed hydra bites you.
You die...

#
###..#.###
#.# #.# #
#..#...#
#.# #.# #
#..###.#
#.###.# #
#..# #.#
#.....# .
#.#####..##
.# #..##
#..# .#
##..###..#
.#
##..#####
.. ##.@#
##.D.....#
#.......#
........#
.(......#
.........#
.........#
..........#


You could see a 12-headed hydra.

Vanquished Creatures
  A two-headed ogre (D:8)
  Grinder (D:5)
  5 yaks (D:8)
  A steam dragon (D:6)
  Menkaure (D:5)
  3 orc warriors
  A black bear (D:8)
  A sky beast (D:7)
  A necrophage (D:6)
  4 ogres
  A centaur (D:8)
  A phantom (D:4)
  2 kobold brigands
  A bullfrog (D:7)
  A wyvern zombie (D:6)
  4 scorpions
  A wyvern skeleton (D:6)
  9 wights
  A howler monkey (D:4)
  A centaur zombie (D:6)
  2 orc priests
  2 gnoll shamans
  A jelly (D:6)
  3 hounds
  5 iguanas
  Ijyb (D:4)
  8 orc wizards
  A hound zombie (D:5)
  A hound skeleton (D:4)
  6 gnolls
  8 adders
  A white imp (D:7)
  An ufetubus (D:5)
  An adder skeleton (D:4)
  3 worms
  A dart slug (D:4)
  23 orcs
  12 endoplasms
  3 giant cockroaches
  4 goblins
  5 hobgoblins
  6 quokkas
  8 ball pythons
  6 bats
  A frilled lizard (D:1)
  15 kobolds
  8 rats
177 creatures vanquished.

Vanquished Creatures (others)
  5 plants (D:5)
5 creatures vanquished.

Grand Total: 182 creatures vanquished

Notes
Turn   | Place    | Note
-------+----------+-------------------------------------------
     0 | D:1      | thiscave3701365 the Minotaur Berserker began the quest for
                  | the Orb.
     0 | D:1      | Reached XP level 1. HP: 19/19 MP: 0/0
   280 | D:1      | Reached skill level 4 in Axes
   358 | D:1      | Reached XP level 2. HP: 27/27 MP: 1/1
   858 | D:1      | Found a faded altar of an unknown god.
  1367 | D:2      | Reached skill level 5 in Axes
  1367 | D:2      | Reached XP level 3. HP: 18/33 MP: 2/2
  1983 | D:2      | Found a broken altar of Ashenzari.
  2651 | D:3      | Reached XP level 4. HP: 34/40 MP: 3/3
  2822 | D:3      | Found a runed translucent gate.
  2860 | D:3      | Reached ** piety under Trog
  2882 | D:3      | Found a runed translucent gate.
  2903 | D:3      | Reached skill level 6 in Axes
  3022 | D:3      | Found a runed translucent gate.
  3066 | D:3      | Noticed NinjaNoafa's ghost (amateur HOMo)
  3688 | D:4      | Reached XP level 5. HP: 46/46 MP: 4/4
  4281 | D:4      | Reached skill level 7 in Axes
  4606 | D:4      | Noticed a phantom
  4610 | D:4      | Killed a phantom
  4618 | D:4      | Reached skill level 8 in Axes
  4796 | D:4      | Noticed Ijyb
  4811 | D:4      | Killed Ijyb
  4812 | D:4      | Reached XP level 6. HP: 47/52 MP: 5/5
  5423 | D:4      | Found a staircase to the Ecumenical Temple.
  5627 | D:4      | Reached skill level 9 in Axes
  6253 | D:4      | Reached XP level 7. HP: 40/58 MP: 6/6
  6578 | D:5      | Entered Level 5 of the Dungeon
  6589 | D:5      | Reached skill level 10 in Axes
  6836 | D:5      | Noticed Menkaure
  6847 | D:5      | Killed Menkaure
  6848 | D:5      | Reached skill level 11 in Axes
  7233 | D:5      | Noticed Grinder
  7244 | D:5      | Killed Grinder
  7245 | D:5      | Reached skill level 12 in Axes
  7245 | D:5      | Reached XP level 8. HP: 66/66 MP: 7/7
  8060 | D:6      | Reached skill level 13 in Axes
  8750 | D:6      | Reached skill level 14 in Axes
  9121 | D:7      | Reached XP level 9. HP: 71/71 MP: 8/8
 10278 | D:7      | Found a sparkling altar of Nemelex Xobeh.
 10346 | D:7      | Found Poej's Elemental Accessories.
 10354 | D:7      | Bought a lightning rod (4/4) for 360 gold pieces
 10420 | D:7      | Identified a scroll of acquirement
 10420 | D:7      | Acquired the ring "Hehuygru" {*Slow Fly Str+6 Int+8}
 10440 | D:8      | Noticed a two-headed ogre
 10447 | D:8      | Killed a two-headed ogre
 10448 | D:8      | Reached skill level 5 in Fighting
 10448 | D:8      | Reached skill level 5 in Armour
 10452 | D:8      | Reached skill level 15 in Axes
 10758 | D:9      | Reached *** piety under Trog
 11684 | D:8      | Reached XP level 10. HP: 73/82 MP: 7/9
 12173 | D:8      | Noticed a seven-headed hydra
 12184 | D:8      | HP: 5/126 [12-headed hydra (2)]
 12184 | D:8      | Slain by a 12-headed hydra

Illustrated notes

Levels and vault maps discovered:
D:1:      minmay_arrival_floating_metal, layout_loops_corners,
          shapermc_ecumenical_altar_notcrosses, minivault_11
D:2:      layout_basic, basic_altar
D:3:      layout_basic, gammafunk_ghost_icy
D:4:      minmay_chambers_of_twos, layout_loops_cross,
          minmay_temple_entry_fiery, minmay_fractal_squares_5, uniq_ijyb
D:5:      layout_rooms, serial_bayou_lagoon_a, uniq_grinder, uniq_menkaure
D:6:      layout_loops_ring, grunt_decor_fettered, kennysheep_small_circle
D:7:      layout_loops_ring, mainiacjoe_overflow_small_starburst,
          nicolae_elemental_shop
D:8:      layout_rooms
D:9:      layout_stronghold, ebering_ghost_reflecting_pool

Skill      XL: |  1  2  3  4  5  6  7  8  9 10 |
---------------+-------------------------------+-----
Axes           | 4 5 6 8 9 12 14 15 | 15.1
Armour         | 6 7 |  7.2
Fighting       | 5 6 |  6.4
Shields        | 3 |  3.9
Dodging        | |  2.4
Stealth        | |  0.1

Action                   |  1- 3 |  4- 6 |  7- 9 | 10-12 || total
-------------------------+-------+-------+-------+-------++-------
Melee: Hand axe          |    71 |   114 |   298 |       ||   483
       Headbutt          |     4 |    19 |    65 |     4 ||    92
       Unarmed           |       |    12 |       |       ||    12
       Punch             |       |     1 |     5 |       ||     6
       Broad axe         |       |       |     9 |    24 ||    33
Invok: Berserk           |     2 |     9 |    10 |     2 ||    23
Evoke: Wand              |       |       |       |     5 ||     5
  Use: Scroll            |     5 |       |    10 |       ||    15
Armor: Animal skin       |    12 |    14 |     1 |       ||    27
       Skin              |       |     2 |       |       ||     2
       Crystal plate arm |       |       |   100 |    30 ||   130
       Chain mail        |       |       |     4 |       ||     4
Dodge: Dodged            |    45 |    57 |    60 |     3 ||   165
Block: Tower shield      |       |       |    75 |    31 ||   106
